 Dungeon Crawl Stone Soup version 0.30-a0-739-gea05faddec (webtiles) character file.

Game seed: 5259732479361362539

124 PriceMaster the Digger (level 5, 0/31 HPs)
             Began as an Octopode Earth Elementalist on Feb 4, 2023.
             Slain by an iguana (8 damage)
             ... on level 4 of the Dungeon.
             The game lasted 00:05:22 (2957 turns).

PriceMaster the Digger (OpEE)                       Turns: 2957, Time: 00:05:23

Health: 0/31       AC:  1    Str: 16    XL:     5   Next: 8%
Magic:  4/9        EV: 14    Int: 20    God:
Gold:   139        SH:  0    Dex: 20    Spells: 7/9 levels left

rFire   . . .      SeeInvis .    k - +5 hand axe "Beetleslayer" {flame, *Noise rC- Str+3 Dex+8}
rCold   . . .      Faith    .    (no shield)
rNeg    + . .      Spirit   .    (helmet currently unavailable)
rPois   .          Reflect  .    (no amulet)
rElec   .          Harm     .    i - ring of positive energy
rCorr   .          Rampage  .    l - +6 ring of strength
Will    .....                    o - ring of protection from cold
Stlth   ++++                     (no ring)
HPRegen 0.25/turn                (no ring)
MPRegen 0.11/turn                (no ring)
                                 (no ring)
                                 (no ring)

@: appendages, hasted, very quick
A: tentacle spike 3, almost no armour, amphibious, 8 rings, camouflage 1,
gelatinous body 1, (nimble swimmer 1), tentacles
a: End Transformation


You were on level 4 of the Dungeon.
One of your tentacles had grown a beastly spike.
You visited 1 branch of the dungeon, and saw 4 of its levels.

You collected 139 gold pieces.

Inventory:

Hand Weapons
 d - a +0 dagger
 k - the +5 hand axe "Beetleslayer" (weapon) {flame, *Noise rC- Str+3 Dex+8}
   (You found it on level 3 of the Dungeon)

   Str:       It affects your strength (+3).
   Dex:       It affects your dexterity (+8).
   rC:        It makes you vulnerable to cold.
   *Noise:    It may make noises in combat.
Missiles
 e - a throwing net
Jewellery
 i - a ring of positive energy (left tentacle)
 l - a +6 ring of strength (right tentacle)
 o - a ring of protection from cold (on tentacle)
Scrolls
 b - 5 scrolls of identify {unknown}
 g - a scroll of fog {unknown}
 m - a scroll of teleportation {unknown}
Potions
 a - a potion of magic
 c - a potion of might {unknown}
 f - 2 potions of haste
 h - a potion of heal wounds {unknown}
 j - a potion of cancellation {unknown}
 n - a potion of curing {unknown}
 p - a potion of brilliance {unknown}


   Skills:
 + Level 0.1 Fighting
 + Level 0.1 Short Blades
 + Level 0.9 Axes
 + Level 2.3 Dodging
 + Level 3.7 Stealth
 + Level 2.8 Spellcasting
 + Level 1.8 Transmutations
 + Level 3.9 Earth Magic


You had 7 spell levels left.
You knew the following spells:

 Your Spells              Type           Power      Damage    Failure   Level
a - Sandblast             Erth           36%        2d10      3%          1
b - Beastly Appendage     Tmut           20%        N/A       7%          1

Your spell library contained the following spells:

 Spells                   Type           Power      Damage    Failure   Level
 Passwall                 Tmut/Erth      11%        N/A       7%          2
 Wereblood                Tmut           10%        N/A       10%         2
 Stone Arrow              Conj/Erth      20%        3d8       19%         3
 Spider Form              Tmut/Pois      6%         N/A       30%         3
 Petrify                  Tmut/Erth      14%        N/A       41%         4


Dungeon Overview and Level Annotations

Branches:
Dungeon (4/15)             Temple (0/1) D:4

Altars:

Shops:
D:3 =


Innate Abilities, Weirdness & Mutations

One of your tentacles has grown a beastly spike.
You cannot wear most types of armour.
You are amphibious.
You can wear up to eight rings at the same time.
Your skin changes colour to match your surroundings (Stealth+).
Your rubbery body absorbs attacks. (AC +1, EV +1)
((You are camouflaged when in or above water. (Stealth+)))
You have tentacles for arms and can constrict up to eight enemies at once.


Message History

One of your tentacles grows a vicious spike.
The orc shouts!
An orc wizard comes into view. It is wielding a +0 dagger.
Press: ? - help, v - describe, . - travel The floor.
The blast of sand hits the orc.
The orc is moderately wounded.
The blast of sand hits the orc!
You kill the orc!
An iguana comes into view.
The blast of sand hits the orc wizard.
The orc wizard is lightly wounded.
You closely miss the orc wizard. Your grab misses the orc wizard.
You pierce the orc wizard.
The orc wizard is heavily wounded.
An orc priest comes into view. It is wielding a +0 short sword.
The orc wizard closely misses you. The orc wizard casts a spell at you.
The puff of flame hits you! The iguana barely misses you.
You hit the orc wizard. You burn the orc wizard.
You kill the orc wizard!
You hit the iguana but do no damage.
Your transformation is almost over.
The iguana misses you.
You have reached level 5!
You feel clever.
Casting: Sandblast (safe; 3% risk of failure)
Confirm with . or Enter, or press ? or * to list all spells.
You extend your transformation's duration.
The iguana misses you.
The orc priest calls down the wrath of Beogh upon you.
Pain shoots through your body!
You slash the iguana! You burn the iguana. You grab the iguana.
You pierce the iguana, but do no damage.
The iguana is severely wounded.
You constrict the iguana. The iguana bites you!
* * * LOW HITPOINT WARNING * * *
It was a potion of haste.
You feel yourself speed up.
You constrict the iguana. The iguana bites you!
You die...

#######...... ...........
.........### .......... ...
.....#.#### ##.# #.#.)........
... .... #.#o#..###.## ..
.†#.#.#..@).......#### ..
...<......l..........##### .#
#.#.......#.####..........
.##.####.#####...#.##....##'#####
.##..............#.##....#....#
.#######.####.#..#.##....#....##
............P.P..#.......#.....#
###...##.####.#######.#..#....)##
# #...#...P#...#P........#......#


You could see an iguana and an orc priest.

Vanquished Creatures
  An orc wizard (D:4)
  4 adders
  A dart slug (D:4)
  3 orcs (D:4)
  6 ball pythons
  5 endoplasms
  A giant cockroach (D:2)
  4 goblins
  2 hobgoblins
  3 jackals (D:4)
  3 quokkas
  5 bats
  6 frilled lizards
  7 kobolds
  6 rats
57 creatures vanquished.

Vanquished Creatures (others)
  9 plants
9 creatures vanquished.

Grand Total: 66 creatures vanquished

Notes
Turn   | Place    | Note
-------+----------+-------------------------------------------
     0 | D:1      | PriceMaster the Octopode Earth Elementalist began the quest
                  | for the Orb.
     0 | D:1      | Reached XP level 1. HP: 11/11 MP: 3/3
   292 | D:1      | Learned a level 1 spell: Beastly Appendage
   426 | D:1      | Reached XP level 2. HP: 13/17 MP: 1/5
  1332 | D:2      | Reached XP level 3. HP: 21/21 MP: 4/6
  1911 | D:3      | Identified the +5 hand axe "Beetleslayer" {flame, *Noise
                  | rC- Str+3 Dex+8}
  2031 | D:3      | Found Fegobasu's Jewellery Shop.
  2198 | D:3      | Reached XP level 4. HP: 27/27 MP: 5/7
  2553 | D:4      | Found a staircase to the Ecumenical Temple.
  2955 | D:4      | Reached XP level 5. HP: 18/31 MP: 5/9
  2957 | D:4      | Slain by an iguana

Illustrated notes

Levels and vault maps discovered:
D:1:      wander_arrival_fairy_ring, layout_basic, grunt_decor_mini_mirrors
D:2:      layout_rooms, kennysheep_path_1, chequers_serial_rivers_large_b,
          small_statue_intersection
D:3:      layout_basic, serial_shops, shop, chequers_big_river
D:4:      layout_basic, minmay_temple_entry_gardened_gates

Skill      XL: |  1  2 |
---------------+-------+-----
Stealth        | 3 |  3.7
Fighting       | |  0.1
Short Blades   | |  0.1
Axes           | |  0.9
Dodging        | |  2.3
Spellcasting   | |  2.8
Transmutations | |  1.8
Earth Magic    | |  3.9

Action                     |  1- 3 |  4- 6 || total
---------------------------+-------+-------++-------
  Melee: Unarmed           |     2 |       ||     2
         Constrict         |    14 |     3 ||    17
         Kick              |     8 |     5 ||    13
         Dagger            |    26 |       ||    26
         Tentacles         |    10 |     2 ||    12
         Hand axe          |    13 |    16 ||    29
   Cast: Sandblast         |    34 |     7 ||    41
         Beastly Appendage |    18 |    13 ||    31
    Use: Potion            |       |     1 ||     1
   Stab: Sleeping          |     5 |     4 ||     9
 Armour: Skin              |    11 |       ||    11
  Dodge: Dodged            |    23 |    10 ||    33

Table legend: (Time is in decaauts)
 A = Elapsed time spent in this place.
 B = Non-inter-level travel time spent in this place.
 C = Inter-level travel time spent in this place.
 D = Time resting spent in this place.
 E = Time spent auto-exploring this place.
 F = Levels seen in this place.
 G = Mean time per level.
                   A        B        C        D        E       F      G
               +--------+--------+--------+--------+--------+-----+--------+
         Total |   2982 |   2930 |     52 |    156 |   2293 |   4 |  745.5 |
       Dungeon |   2982 |   2930 |     52 |    156 |   2293 |   4 |  745.5 |
               +--------+--------+--------+--------+--------+-----+--------+

Top non-repeatable levels by time:
     D:1: 1085 daAuts
     D:3: 706 daAuts
     D:2: 693 daAuts
     D:4: 497 daAuts
